 Dungeon Sprint DCSS version 0.18-a0-29-gce27f3c (console) character file.

2849964 Kellhus the Intangible (level 24, 227/227 HPs)
             Began as a Merfolk Gladiator on Nov 4, 2015.
             Was the Champion of Qazlal.
             Escaped with the Orb
             ... and 2 runes!
             The game lasted 01:07:17 (11591 turns).

Kellhus the Intangible (Merfolk Gladiator)         Turns: 11591, Time: 01:07:17

Health: 227/227    AC: 19    Str: 20    XL:     24   Next: 0%
Magic:  54/54      EV: 39    Int: 18    God:    Qazlal [******]
Gold:   387        SH:  8    Dex: 26    Spells: 4 memorised, 66 levels left

rFire  + . .     SeeInvis +     a - +5 glaive {drain, rElec rC++ Str+4 Stlth+}
rCold  + + +     Clarity  .     U - +4 robe of Augmentation {Str+4 Int+4 Dex+4}
rNeg   + . .     SustAt   .     (shield currently unavailable)
rPois  +         Gourm    .     T - +2 hat of the Bear Spirit {Spirit, +Rage rN+ MR++}
rElec  +         Spirit   +     C - +1 cloak
rCorr  +         Warding  .     W - +1 pair of gloves
rMut   .         NoTele   +     t - +0 pair of boots
MR     +++++                    Y - amulet "Xiopsairgh" {rCorr rPois rC++ Slay+3}
Stlth  +.........               z - ring of Sirocutt {Slay+4 SInv}
                                Z - ring of Juete {rF+ MR+++ Str-4 Int+4 Slay+3}

@: very slightly contaminated, repel missiles, almost entirely resistant to
hostile enchantments, very unstealthy
A: change form in water, swift swim
a: Upheaval, Elemental Force, Disaster Area, Renounce Religion, Evoke Berserk
Rage
0: Orb of Zot
}: 2/15 runes: silver, iron


You escaped.
You worshipped Qazlal.
Qazlal was exalted by your worship.
You were not hungry.

You visited 1 branch You collected 387 gold pieces.

Inventory:

Hand Weapons
 a - the +5 glaive "Weirec" (weapon) {drain, rElec rC++ Str+4 Stlth+}
   (You found it in the Dungeon)

   A truly terrible weapon, it drains the life of those it strikes.
   It affects your strength (+4).
   It greatly protects you from cold.
   It insulates you from electricity.
   It makes you more stealthy.
Missiles
 d - 4 throwing nets (quivered)
Armour
 t - a +0 pair of boots (worn)
 C - a +1 cloak (worn)
 T - the +2 hat of the Bear Spirit (worn) {Spirit, +Rage rN+ MR++}
   (You found it in the Dungeon)

   It protects you from negative energy.
   It affects your resistance to hostile enchantments.
   It lets you go berserk.
 U - the +4 robe of Augmentation (worn) {Str+4 Int+4 Dex+4}
   (You found it in the Dungeon)

   It affects your strength (+4).
   It affects your intelligence (+4).
   It affects your dexterity (+4).
 W - a +1 pair of gloves (worn)
Rods
 u - a +6 rod of ignition (12/12)
   (You found it in the Dungeon)
 Q - a +4 rod of inaccuracy (10/10)
   (You took it off a fire giant in the Dungeon)
Jewellery
 y - the ring of the Morning {Wiz rF+}
   (You found it in the Dungeon)

   [ring of wizardry]

   It improves your spell success rate.
   It protects you from fire.
 z - the ring of Sirocutt (right hand) {Slay+4 SInv}
   (You found it in the Dungeon)

   [ring of slaying]

   It affects your accuracy and damage with ranged weapons and melee attacks
   (+4).
   It lets you see invisible.
 K - the amulet "Touratu" {rMut *Drain rElec rPois Stlth+}
   (You found it in the Dungeon)

   [amulet of resist mutation]

   It protects you from mutation.
   It insulates you from electricity.
   It protects you from poison.
   It causes draining when unequipped.
   It makes you more stealthy.
 X - the ring of Sif Muna's Displeasure {+Fly Dex+6}
   (You found it in the Dungeon)

   [ring of dexterity]

   It affects your dexterity (+6).
   It lets you fly.
 Y - the amulet "Xiopsairgh" (around neck) {rCorr rPois rC++ Slay+3}
   (You found it in the Dungeon)

   [amulet of resist corrosion]

   It protects you from acid and corrosion.
   It affects your accuracy and damage with ranged weapons and melee attacks
   (+3).
   It greatly protects you from cold.
   It protects you from poison.
 Z - the ring of Juete (left hand) {rF+ MR+++ Str-4 Int+4 Slay+3}
   (You found it in the Dungeon)

   [ring of slaying]

   It affects your strength (-4).
   It affects your intelligence (+4).
   It affects your accuracy and damage with ranged weapons and melee attacks
   (+3).
   It protects you from fire.
   It affects your resistance to hostile enchantments.
Wands
 P - a wand of heal wounds (5)
 V - a wand of hasting (4)
Scrolls
 c - 2 scrolls of fear
 k - a scroll of blinking
 o - 7 scrolls of remove curse
 p - 5 scrolls of amnesia
 q - a scroll of summoning
 H - 6 scrolls of recharging
 L - 2 scrolls of enchant weapon
 M - 6 scrolls of enchant armour
 N - 11 scrolls of identify
 O - 3 scrolls of fog
Potions
 g - 4 potions of cure mutation
 i - 2 potions of magic
 s - 2 potions of berserk rage
 w - 5 potions of heal wounds
 x - 5 potions of brilliance
 B - 12 potions of curing
 E - 2 potions of might
 J - 12 potions of agility
Books
 b - a book of the Tempests

   Spells                             Type                      Level
   a - Static Discharge               Conjuration/Air              3
   b - Lightning Bolt                 Conjuration/Air              5
   c - Fireball                       Conjuration/Fire             5
   d - Tornado                        Air                          9
   e - Shatter                        Earth                        9
 f - the Guide on Dislocated Aid
   (You found it in the Dungeon)

   Spells                             Type                      Level
   a - Infusion                       Charms                       1
   b - Shroud of Golubria             Charms/Translocation         2
   c - Ozocubu's Armour               Charms/Ice                   3
   d - Spectral Weapon                Hexes/Charms                 3
   e - Warp Weapon                    Charms/Translocation         5
 l - Vilycsog's Almanac of Sinister Good Luck
   (You found it in the Dungeon)

   Spells                             Type                      Level
   a - Animate Skeleton               Necromancy                   1
   b - Pain                           Necromancy                   1
   c - Song of Slaying                Charms                       2
   d - Vampiric Draining              Necromancy                   3
   e - Deflect Missiles               Charms/Air                   6
   f - Ring of Flames                 Charms/Fire                  7
 r - a book of Air

   Spells                             Type                      Level
   a - Shock                          Conjuration/Air              1
   b - Swiftness                      Charms/Air                   2
   c - Repel Missiles                 Charms/Air                   2
   d - Static Discharge               Conjuration/Air              3
   e - Lightning Bolt                 Conjuration/Air              5
 v - an Akashic Record

   Spells                             Type                      Level
   a - Dispersal                      Translocation                6
   b - Malign Gateway                 Summoning/Translocation      7
   c - Disjunction                    Translocation                8
   d - Controlled Blink               Translocation                8
 A - a book of the Dragon

   Spells                             Type                      Level
   a - Flame Tongue                   Conjuration/Fire             1
   b - Cause Fear                     Hexes                        4
   c - Bolt of Fire                   Conjuration/Fire             6
   d - Dragon Form                    Transmutation                7
   e - Dragon's Call                  Summoning                    9
 D - a book of Battle

   Spells                             Type                      Level
   a - Infusion                       Charms                       1
   b - Shroud of Golubria             Charms/Translocation         2
   c - Song of Slaying                Charms                       2
   d - Spectral Weapon                Hexes/Charms                 3
   e - Regeneration                   Charms/Necromancy            3
 F - a book of Air

   Spells                             Type                      Level
   a - Shock                          Conjuration/Air              1
   b - Swiftness                      Charms/Air                   2
   c - Repel Missiles                 Charms/Air                   2
   d - Static Discharge               Conjuration/Air              3
   e - Lightning Bolt                 Conjuration/Air              5
 I - a book of Battle

   Spells                             Type                      Level
   a - Infusion                       Charms                       1
   b - Shroud of Golubria             Charms/Translocation         2
   c - Song of Slaying                Charms                       2
   d - Spectral Weapon                Hexes/Charms                 3
   e - Regeneration                   Charms/Necromancy            3
 R - a book of Flames

   Spells                             Type                      Level
   a - Flame Tongue                   Conjuration/Fire             1
   b - Throw Flame                    Conjuration/Fire             2
   c - Conjure Flame                  Conjuration/Fire             3
   d - Inner Flame                    Hexes/Fire                   3
   e - Sticky Flame                   Conjuration/Fire             4
   f - Fireball                       Conjuration/Fire             5
Comestibles
 e - 5 bread rations
 j - 2 beef jerkies
 m - 40 fruits
 n - 6 meat rations
 S - 14 royal jellies


   Skills:
 O Level 27 Fighting
 O Level 27 Polearms
 - Level 2.0 Throwing
 O Level 27 Armour
 O Level 27 Dodging
 O Level 27 Stealth
 O Level 27 Spellcasting
 O Level 27 Hexes
 O Level 27 Charms
 O Level 27 Necromancy
 O Level 27 Ice Magic
 O Level 27 Invocations
 + Level 12.3 Evocations


You had 66 spell levels left.
You knew the following spells:

 Your Spells              Type           Power        Failure   Level  Hunger
e - Regeneration          Chrm/Necr      #######...   0%          3    None
o - Ozocubu's Armour      Chrm/Ice       #######.     0%          3    None
s - Song of Slaying       Chrm           #######.     0%          2    None
w - Spectral Weapon       Hex/Chrm       #######.     0%          3    None


Dungeon Overview and Level Annotations

Branches:
Dungeon (1/1)

Altars:
Ashenzari
Cheibriados
Dithmenos
Elyvilon
Fedhas
Gozag
Kikubaaqudgha
Makhleb
Nemelex Xobeh
Okawaru
Qazlal
Ru
Sif Muna
Trog
Vehumet
Xom
Yredelemnul
Zin
The Shining One
Beogh
Jiyva
Lugonu


Message History

a scimitar of flaming; a plate armour
There is a huge open gate to the Vestibule (Extremely Hard), spattered with blood here.
Items here: ))) [ a quicksilver dragon hide; a long sword; a hand axe; a battleaxe of freezing
There is a huge open gate to the Vestibule (Extremely Hard), spattered with blood here.
Your extra speed is starting to run out.
All of the chunks of flesh in your inventory have rotted away.
You feel yourself slow down.
You see here 2 bolts.
Things that are here:
a dagger; a quarterstaff A rakshasa comes into view.
It is wielding a trident.
The rakshasa gestures.
The rakshasa blinks!
You block the rakshasa's attack.
There is an open door here.
The rakshasa gestures.
The rakshasa blinks!
There is a staircase leading out of the dungeon here.
You have escaped!

##.........## ##...
##.......## ##.§
***#####* ###
#####################
#"="#)[.|............
#===##.}........#.#..
#<§§<#|.......##...##
#<<<§##....###.......
#<<<@.#####..........
#<<§...#.........#...
#..§..§'.......##.##.
#......#.........#.§.
#.....#####........[.
#....##....###....[..
#....#........##...##
#/..##.(........#.#..
#...#.).}............


There were no monsters in sight!

Vanquished Creatures
  Dissolution (D)
  the Serpent of Hell (D)
  Mnoleg (D)
  7 pandemonium lords (D)
  6 ancient liches (D)
  4 orbs of fire (D)
  Mara (D)
  6 greater mummies (D)
  Boris (D)
  the Lernaean hydra (D)
  Norris (D)
  3 curse toes (D)
  A golden dragon (D)
  Jory (D)
  Xtahua (D)
  A bone dragon (D)
  2 pearl dragons (D)
  3 Brimstone Fiends (D)
  4 electric golems (D)
  5 Ice Fiends (D)
  4 Hell Sentinels (D)
  3 hellephants (D)
  3 liches (D)
  26 Orb Guardians (D)
  3 Shadow Fiends (D)
  3 deep elf blademasters (D)
  An Executioner (D)
  19 titans (D)
  3 quicksilver dragons (D)
  A death cob (D)
  4 deep elf master archers (D)
  Gastronok (D)
  Frances (D)
  4 sphinxes (D)
  A draconian monk (D)
  4 storm dragons (D)
  7 shadow dragons (D)
  An azure jelly (D)
  Ilsuiw (D)
  15 frost giants (D)
  10 fire giants (D)
  2 deep elf sorcerers (D)
  2 iron dragons (D)
  3 ghost moths (D)
  A balrug (D)
  A draconian knight (D)
  A draconian zealot (D)
  2 draconian scorchers (D)
  5 greater nagas (D)
  2 orc warlords (D)
  2 angels (D)
  2 cacodemons (D)
  3 draconian annihilators (D)
  2 war gargoyles (D)
  A spriggan defender (D)
  An ophan (D)
  2 draconian callers (D)
  16 stone giants (D)
  A green draconian (D)
  A purple draconian (D)
  3 dire elephants (D)
  A deep elf annihilator (D)
  A black draconian (D)
  A mottled draconian (D)
  A red draconian (D)
  2 blizzard demons (D)
  A merfolk javelineer (D)
  2 death oozes (D)
  2 green deaths (D)
  2 vault guards (D)
  22 ettins (D)
  3 deep elf death magi (D)
  2 eidola (D)
  2 mummy priests (D)
  4 deep elf high priests (D)
  4 fire dragons (D)
  A hydra (D)
  4 naga warriors (D)
  2 hell beasts (D)
  2 yaktaur captains (D)
  5 ice dragons (D)
  2 spriggan air magi (D)
  Erolcha (D)
  A catoblepas (D)
  2 merfolk avatars (D)
  6 death yaks (D)
  3 ogre magi (D)
  3 alligator snapping turtles (D)
  3 anacondas (D)
  2 death knights (D)
  A spriggan berserker (D)
  An orc high priest (D)
  3 deep elf knights (D)
  A shadow wraith (D)
  An ice devil (D)
  9 hell knights (D)
  7 iron trolls (D)
  4 sea snakes (D)
  A sun demon (D)
  A spriggan druid (D)
  2 fire crabs (D)
  2 wizards (D)
  A cherub (D)
  17 deep trolls (D)
  An unseen horror (D)
  3 necromancers (D)
  A phantasmal warrior (D)
  17 hill giants (D)
  15 cyclopes (D)
  2 griffons (D)
  13 orc knights (D)
  A manticore (shapeshifter) (D)
  2 sirens (D)
  An ugly thing (D)
  3 naga magi (D)
  4 elephants (D)
  A black mamba (D)
  2 rust devils (D)
  An eye of devastation (D)
  A yaktaur (D)
  4 hellions (D)
  A hellwing (D)
  An efreet (D)
  2 demonic crawlers (D)
  2 fire drakes (D)
  A guardian mummy (D)
  2 blue devils (D)
  3 two-headed ogres (D)
  A merfolk (D)
  3 trolls (D)
  4 slime creatures (D)
  A wind drake (shapeshifter) (D)
  Prince Ribbit (D)
  A bog body (D)
  A large abomination (D)
  5 blink frogs (D)
  An air elemental (D)
  A snapping turtle (D)
  A water elemental (D)
  A ynoxinul (D)
  A tarantella (D)
  7 redbacks (D)
  A trapdoor spider (D)
  A wyvern (D)
  A deep elf mage (D)
  A vampire (D)
  A spriggan (D)
  A shadow (D)
  A deep elf fighter (D)
  Eustachio (D)
  5 wolves (D)
  A basilisk (D)
  2 golden eyes (D)
  2 chaos spawn (D)
  A mottled dragon (D)
  4 vampire mosquitoes (D)
  A porcupine (D)
  2 nagas (D)
  A water moccasin (D)
  6 orc warriors (D)
  An ice beast (D)
  3 eyes of draining (D)
  A big kobold (D)
  A centaur (D)
  8 ogres (D)
  A giant frog (D)
  2 earth elementals (D)
  A crimson imp (D)
  An orc priest (D)
  A quasit (D)
  Ijyb (D)
  4 orc wizards (D)
  2 hell rats (D)
  A mummy (D)
  2 gnolls (D)
  3 adders (D)
  2 giant eyeballs (D)
  An adder zombie (D)
  A worm (D)
  An adder skeleton (D)
  2 giant geckos (D)
  11 orcs (D)
  A bat simulacrum (D)
  A giant cockroach (D)
  A hobgoblin (D)
  8 jackals (D)
  A quokka (D)
  A ball python skeleton (D)
  A giant gecko simulacrum (D)
  A giant newt (D)
  A goblin (D)
  9 spectral weapons (D)
579 creatures vanquished.

Vanquished Creatures (others)
  16 spectral weapons (D)
16 creatures vanquished.

Grand Total: 595 creatures vanquished

Notes
Turn   | Place    | Note
--------------------------------------------------------------
     0 | D        | Kellhus the Merfolk Gladiator began the quest for the Orb.
     0 | D        | Reached XP level 1. HP: 16/16 MP: 1/1
    12 | D        | Reached skill level 5 in Polearms
    68 | D        | Found a sacrificial altar of Ru.
    68 | D        | Found a shadowy altar of Dithmenos.
    68 | D        | Found a bloodstained altar of Trog.
    68 | D        | Found a deep blue altar of Sif Muna.
    68 | D        | Found a shimmering altar of Xom.
    68 | D        | Found a sparkling altar of Nemelex Xobeh.
    68 | D        | Found a corrupted altar of Lugonu.
    68 | D        | Found a viscous altar of Jiyva.
    69 | D        | Found a basalt altar of Yredelemnul.
    69 | D        | Found a glowing golden altar of the Shining One.
    69 | D        | Found a shattered altar of Ashenzari.
    69 | D        | Found a white marble altar of Elyvilon.
    69 | D        | Found a snail-covered altar of Cheibriados.
    69 | D        | Found a blossoming altar of Fedhas.
    69 | D        | Found a radiant altar of Vehumet.
    69 | D        | Found a burning altar of Makhleb.
    69 | D        | Found an ancient bone altar of Kikubaaqudgha.
    69 | D        | Found a glowing silver altar of Zin.
    69 | D        | Found a roughly hewn altar of Beogh.
    69 | D        | Found an iron altar of Okawaru.
    85 | D        | Found a stormy altar of Qazlal.
    86 | D        | Found an opulent altar of Gozag.
   124 | D        | Became a worshipper of Qazlal Stormbringer
   162 | D        | Reached skill level 6 in Polearms
   168 | D        | Reached skill level 8 in Polearms
   168 | D        | Reached XP level 2. HP: 12/22 MP: 2/2
   171 | D        | Reached * piety under Qazlal
   180 | D        | Noticed a centaur
   191 | D        | Killed a centaur
   191 | D        | Reached skill level 12 in Polearms
   191 | D        | Reached XP level 3. HP: 15/27 MP: 3/3
   191 | D        | Reached XP level 4. HP: 18/33 MP: 4/4
   213 | D        | Reached ** piety under Qazlal
   328 | D        | Noticed a water moccasin
   335 | D        | Killed a water moccasin
   335 | D        | Reached skill level 15 in Polearms
   335 | D        | Reached XP level 5. HP: 35/38 MP: 5/5
   342 | D        | Reached skill level 16 in Polearms
   342 | D        | Reached XP level 6. HP: 40/44 MP: 6/6
   346 | D        | Noticed a trapdoor spider
   351 | D        | Killed a trapdoor spider
   351 | D        | Reached skill level 18 in Polearms
   552 | D        | Noticed Prince Ribbit
   554 | D        | Reached *** piety under Qazlal
   561 | D        | Killed Prince Ribbit
   561 | D        | Reached skill level 20 in Polearms
   561 | D        | Reached XP level 7. HP: 35/50 MP: 7/7
   659 | D        | Noticed a tarantella
   659 | D        | Noticed a redback
   668 | D        | Killed a tarantella
   668 | D        | Reached **** piety under Qazlal
   668 | D        | Reached skill level 5 in Dodging
   671 | D        | Killed a redback
   671 | D        | Reached XP level 8. HP: 9/61 MP: 8/8
   674 | D        | Reached skill level 5 in Fighting
   990 | D        | Got the +2 scimitar of Tate {venom, rF+ rN+ Stlth+}
  1032 | D        | Reached ***** piety under Qazlal
  1080 | D        | Reached ****** piety under Qazlal
  1146 | D        | Noticed a blink frog
  1147 | D        | Noticed a blink frog
  1149 | D        | Noticed a blink frog
  1151 | D        | Noticed a blink frog
  1151 | D        | Killed a blink frog
  1153 | D        | Noticed a blink frog
  1154 | D        | Killed a blink frog
  1155 | D        | Noticed a fire drake
  1159 | D        | Killed a blink frog
  1159 | D        | Reached skill level 5 in Armour
  1159 | D        | Reached XP level 9. HP: 70/74 MP: 9/9
  1175 | D        | Killed a fire drake
  1175 | D        | Reached skill level 10 in Dodging
  1246 | D        | Reached skill level 1 in Invocations
  1260 | D        | Noticed a sea snake
  1274 | D        | Noticed Ijyb
  1274 | D        | Noticed a greater naga
  1274 | D        | Killed a sea snake
  1274 | D        | Reached skill level 10 in Fighting
  1277 | D        | Noticed a hellwing
  1319 | D        | Killed a greater naga
  1319 | D        | Reached XP level 10. HP: 87/87 MP: 11/14
  1328 | D        | Killed Ijyb
  1463 | D        | Noticed a griffon
  1481 | D        | Killed a griffon
  1512 | D        | Reached XP level 11. HP: 88/95 MP: 17/17
  1514 | D        | Noticed a four-headed hydra
  1537 | D        | Killed an eight-headed hydra
  1541 | D        | Reached skill level 15 in Dodging
  1653 | D        | Killed an unseen horror
  1930 | D        | Noticed a deep troll
  1930 | D        | Noticed a deep troll
  1931 | D        | Noticed a fire dragon
  1942 | D        | Killed a deep troll
  1942 | D        | Reached skill level 10 in Invocations
  1956 | D        | Killed a deep troll
  1964 | D        | Killed a fire dragon
  1968 | D        | Killed a shadow wraith
  1968 | D        | Reached skill level 10 in Armour
  2077 | D        | Got the +8 broad axe of Lowibb {flame, MR++ Int-2 SInv}
  2350 | D        | Noticed Erolcha
  2350 | D        | Noticed a frost giant
  2363 | D        | Killed a frost giant
  2363 | D        | Reached XP level 12. HP: 95/108 MP: 13/20
  2373 | D        | Killed Erolcha
  2583 | D        | Noticed a naga warrior
  2584 | D        | Noticed an orc warlord
  2584 | D        | Noticed an angel
  2585 | D        | Noticed a naga warrior
  2591 | D        | Reached skill level 15 in Fighting
  2591 | D        | Killed a naga warrior
  2931 | D        | Killed a naga warrior
  3271 | D        | Noticed a greater naga
  3271 | D        | Noticed an orc warlord
  3272 | D        | Killed an orc warlord
  3273 | D        | Killed a greater naga
  3273 | D        | Reached XP level 13. HP: 114/118 MP: 15/23
  3297 | D        | Killed an angel
  3509 | D        | Noticed a vault guard
  3538 | D        | Killed a vault guard
  3538 | D        | Reached skill level 15 in Invocations
  3638 | D        | Killed an orc warlord
  3715 | D        | Noticed a greater naga
  3723 | D        | Killed a greater naga
  3820 | D        | Got the +0 scale mail of Olemesh {rElec rPois MR+++ Str-5}
  3921 | D        | Got the +5 glaive "Weirec" {drain, rElec rC++ Str+4 Stlth+}
  3929 | D        | Got the +9 scimitar "Retwi" {venom, Str+2}
  3931 | D        | Got the cursed +0 battleaxe of Guile {freeze, +Blink rElec rF- rN+++}
  4088 | D        | Reached skill level 21 in Dodging
  4122 | D        | Killed a ghost moth
  4122 | D        | Reached XP level 14. HP: 65/131 MP: 0/26
  4140 | D        | Noticed Eustachio
  4164 | D        | Killed Eustachio
  4258 | D        | Reached skill level 22 in Dodging
  4276 | D        | Noticed Gastronok
  4287 | D        | Killed Gastronok
  4641 | D        | Noticed a greater naga
  4653 | D        | Killed a greater naga
  4683 | D        | Noticed a greater naga
  4707 | D        | Killed a greater naga
  4867 | D        | Noticed Frances
  4872 | D        | Killed Frances
  4872 | D        | Reached skill level 23 in Dodging
  5003 | D        | Noticed a sphinx
  5003 | D        | Noticed an ancient lich
  5004 | D        | Reached skill level 15 in Armour
  5004 | D        | Killed a sphinx
  5030 | D        | Killed an ancient lich
  5030 | D        | Reached skill level 24 in Dodging
  5030 | D        | Reached XP level 15. HP: 143/143 MP: 24/28
  5038 | D        | Noticed a sphinx
  5047 | D        | Killed a sphinx
  5084 | D        | Noticed a lich
  5094 | D        | Killed a lich
  5216 | D        | Noticed a black draconian monk
  5245 | D        | Killed a black draconian monk
  5297 | D        | Noticed a deep elf sorcerer
  5301 | D        | Killed a deep elf sorcerer
  5328 | D        | Reached skill level 25 in Dodging
  5497 | D        | Got the ring of Sif Muna's Displeasure {+Fly Dex+6}
  5499 | D        | Got the ring "Letereorare" {Str+6 Stlth+}
  5501 | D        | Got the ring of Jesim {rC+ Dex+3}
  5503 | D        | Got the ring "Tangueqe" {rPois EV+6 Int-5 Dex+2 Stlth+}
  5505 | D        | Got the ring "Adaceith" {MR+ Str+6 Int+6 Dex-4}
  5507 | D        | Got the ring "Xyvaton" {Fire +Fly}
  5509 | D        | Got the ring of Neerr {MP+9 Dex+3 SInv}
  5512 | D        | Got the ring of Pumet {rC+ Str-3 Dex+4 Stlth+}
  5548 | D        | Got the amulet of Inyaniwk {-Tele +Rage rF+ rN+}
  5550 | D        | Got the ring of Daffodils {Wiz Dex+4}
  5552 | D        | Got the amulet "Touratu" {rMut *Drain rElec rPois Stlth+}
  5554 | D        | Got the amulet of Twilight {+Rage rPois}
  5556 | D        | Got the ring "Anahya" {Str+5 Dex+7}
  5558 | D        | Got the ring of Springtime {rF+ Str+4}
  5560 | D        | Got the amulet "Kannyn" {Faith *Corrode rPois rN+ Slay+2 Stlth+}
  5588 | D        | Got the amulet "Xiopsairgh" {rCorr rPois rC++ Slay+3}
  5592 | D        | Got the amulet of Tuler {Gourm Int+4 Dex+2}
  5594 | D        | Got the amulet "Geqaocyugh" {rCorr rPois Dex+4 Stlth+}
  5608 | D        | Got the ring of the Morning {Wiz rF+}
  5610 | D        | Got the ring "Hucidu" {Wiz rPois MR++ MP-9 Slay+3}
  5612 | D        | Got the ring of Scepticism {rN+ Stlth+}
  5626 | D        | Got the ring of Pipluop {Wiz Str+2}
  5628 | D        | Got the ring "Oppuv" {Wiz Int+4}
  5630 | D        | Got the ring of Amelioration {+Inv rPois rF+ Dex+6}
  5642 | D        | Got the ring of Sirocutt {Slay+4 SInv}
  5647 | D        | Got the amulet "Yjoamufu" {Faith Int+3}
  5735 | D        | Identified Vilycsog's Almanac of Sinister Good Luck (You found it in the Dungeon)
  5737 | D        | Identified the Guide on Dislocated Aid (You found it in the Dungeon)
  5742 | D        | Learned a level 3 spell: Ozocubu's Armour
  5848 | D        | Reached skill level 1 in Charms
  5855 | D        | Reached skill level 1 in Spellcasting
  5885 | D        | Noticed a storm dragon
  5885 | D        | Killed a storm dragon
  5885 | D        | Reached skill level 5 in Charms
  5888 | D        | Noticed a death cob
  5967 | D        | Killed a death cob
  6159 | D        | Reached XP level 16. HP: 105/155 MP: 30/30
  6222 | D        | Reached skill level 5 in Spellcasting
  6225 | D        | Noticed Ilsuiw
  6240 | D        | Killed Ilsuiw
  6250 | D        | Reached skill level 10 in Charms
  6251 | D        | Reached skill level 26 in Dodging
  6275 | D        | Got the +4 robe of the Lobster {rF+ rN++ Str+4 Dex-5}
  6439 | D        | Noticed a deep elf master archer
  6442 | D        | Killed a deep elf master archer
  6460 | D        | Noticed a titan
  6464 | D        | Killed a titan
  6465 | D        | Noticed an Ice Fiend
  6492 | D        | Killed an Ice Fiend
  6496 | D        | Noticed Norris
  6519 | D        | Killed Norris
  6536 | D        | Learned a level 3 spell: Regeneration
  6540 | D        | Learned a level 3 spell: Spectral Weapon
  6543 | D        | Learned a level 2 spell: Song of Slaying
  6754 | D        | Got the +5 quarterstaff of Dithmenos's Reproof {venom, rF+}
  6761 | D        | Got the cursed +1 ring mail of the Fiend {rN+}
  6953 | D        | Noticed a titan
  6954 | D        | Reached skill level 27 in Dodging
  6954 | D        | Reached XP level 17. HP: 163/166 MP: 31/33
  6954 | D        | Killed a titan
  6987 | D        | Got the cursed +0 ring mail "Gaizeoxu" {Regen+ Int+2}
  6997 | D        | Got the ring "Meuphic" {rPois rF+ rC+++ Str+3 Stlth-}
  7000 | D        | Got the +7 mace "Wozewne" {venom, rPois rF- MR+ Dex+3}
  7040 | D        | Got a silver rune of Zot
  7143 | D        | Noticed a titan
  7148 | D        | Killed a titan
  7215 | D        | Noticed an orb of fire
  7215 | D        | Gained mutation: You are dopey. (Int -2) [an orb of fire]
  7227 | D        | Killed an orb of fire
  7297 | D        | Noticed an orb of fire
  7301 | D        | Gained mutation: You are clumsy. (Dex -2) [an orb of fire]
  7302 | D        | Gained mutation: You expend magic power (3 MP) to strengthen your wands. [an orb of fire]
  7310 | D        | Gained mutation: Your body sometimes deteriorates upon taking damage. [an orb of fire]
  7315 | D        | Killed an orb of fire
  7316 | D        | Lost mutation: Your body sometimes deteriorates upon taking damage. [potion of cure mutation]
  7316 | D        | Lost mutation: You expend magic power (3 MP) to strengthen your wands. [potion of cure mutation]
  7316 | D        | Lost mutation: You are dopey. (Int -2) [potion of cure mutation]
  7316 | D        | Lost mutation: You are clumsy. (Dex -2) [potion of cure mutation]
  7535 | D        | Noticed an Ice Fiend
  7541 | D        | Killed an Ice Fiend
  7651 | D        | Noticed an Ice Fiend
  7651 | D        | Noticed an ancient lich
  7652 | D        | Reached skill level 27 in Fighting
  7652 | D        | Reached skill level 27 in Invocations
  7652 | D        | Killed an Ice Fiend
  7652 | D        | Killed an ancient lich
  7652 | D        | Reached XP level 18. HP: 171/182 MP: 29/35
  7790 | D        | Noticed Mucred Xame the pandemonium lord
  7803 | D        | Killed Mucred Xame the pandemonium lord
  7813 | D        | Noticed a tentacled monstrosity
  8233 | D        | Paralysed by a giant eyeball for 4 turns
  8254 | D        | Noticed Mnoleg
  8260 | D        | Killed Mnoleg
  8266 | D        | Noticed a curse toe
  8277 | D        | Killed a curse toe
  8277 | D        | Reached skill level 27 in Armour
  8277 | D        | Reached XP level 19. HP: 106/189 MP: 3/36
  8298 | D        | Reached skill level 27 in Polearms
  8306 | D        | Reached skill level 15 in Charms
  8318 | D        | Reached skill level 10 in Spellcasting
  8556 | D        | Got the ring "Dauteh Riergh" {*Corrode AC+6 Str+5 Int+2}
  8559 | D        | Got the amulet "Bennaak" {Clar Str+4 Slay+5}
  8562 | D        | Got the amulet of Tegeh {Inacc Stlth+}
  8565 | D        | Got the ring of Firyggif {rC+ Str+6 Int+3}
  8568 | D        | Got the ring of Detaf {rC+ EV-3}
  8571 | D        | Got the ring "Vocoiwk" {Wiz Int+4 Dex+2}
  8574 | D        | Got the ring "Gazery" {Int+5 SInv}
  8581 | D        | Got the ring of Juete {rF+ MR+++ Str-4 Int+4 Slay+3}
  8703 | D        | Paralysed by a giant eyeball for 4 turns
  8713 | D        | Noticed Muoxkep the pandemonium lord
  8722 | D        | Killed Muoxkep the pandemonium lord
  8813 | D        | Noticed Celiodar the pandemonium lord
  8827 | D        | Killed Celiodar the pandemonium lord
  8827 | D        | Reached skill level 15 in Spellcasting
  8861 | D        | Noticed a greater mummy
  8869 | D        | Killed a greater mummy
  8871 | D        | Noticed Boris
  8880 | D        | Killed Boris
  9045 | D        | Noticed an ancient lich
  9050 | D        | Killed an ancient lich
  9067 | D        | Noticed a greater mummy
  9092 | D        | Killed a greater mummy
  9269 | D        | Noticed an ancient lich
  9269 | D        | Noticed a curse toe
  9277 | D        | Killed an ancient lich
  9277 | D        | Reached XP level 20. HP: 124/197 MP: 27/44
  9287 | D        | Killed a curse toe
  9600 | D        | Noticed the Serpent of Hell
  9600 | D        | Noticed a pearl dragon
  9600 | D        | Noticed an orb of fire
  9601 | D        | Killed a pearl dragon
  9602 | D        | Killed an orb of fire
  9602 | D        | Reached skill level 27 in Charms
  9615 | D        | Killed the Serpent of Hell
  9616 | D        | Noticed Ydoth the pandemonium lord
  9631 | D        | HP: 8/197 [Ydoth the pandemonium lord (27)]
  9634 | D        | Killed Ydoth the pandemonium lord
  9641 | D        | Noticed a greater mummy
  9651 | D        | Killed a greater mummy
  9652 | D        | Noticed Xtahua
  9652 | D        | Killed Xtahua
  9842 | D        | Got an iron rune of Zot
  9844 | D        | Got the ring of Noon {rC+ MR+ Dex+3 SInv}
  9848 | D        | Got the ring "Doast" {+Blink EV+3 Str+2 Int+2}
  9851 | D        | Got the ring "Gasub" {rElec rC+ Dex+6 Stlth-}
  9854 | D        | Got the ring "Yreceoj" {Str+4 Stlth-}
  9858 | D        | Got the ring of Gidod {+Inv rF+ rN+ AC+4 Str-4}
  9861 | D        | Got the ring of Dishonesty {rPois rF+}
  9951 | D        | Reached skill level 27 in Spellcasting
  9970 | D        | Noticed a pearl dragon
  9979 | D        | Killed a pearl dragon
 10006 | D        | Noticed an ancient lich
 10019 | D        | Killed an ancient lich
 10019 | D        | Reached XP level 21. HP: 204/204 MP: 52/52
 10249 | D        | Noticed a greater mummy
 10257 | D        | Killed a greater mummy
 10432 | D        | Noticed Garigottig the pandemonium lord
 10440 | D        | Killed Garigottig the pandemonium lord
 10490 | D        | Reached skill level 27 in Ice Magic
 10490 | D        | Reached skill level 1 in Necromancy
 10490 | D        | Reached skill level 10 in Necromancy
 10495 | D        | Reached skill level 15 in Necromancy
 10495 | D        | Reached XP level 22. HP: 203/211 MP: 42/53
 10561 | D        | Got the +6 leather armour "Sicaorok" {Dex+3}
 10583 | D        | Got the +6 quarterstaff of Ipukk {pain, rC+ rN+}
 10596 | D        | Got the +6 morningstar of the Final Chapter {drain, Str+2 Int+2 Stlth+}
 10601 | D        | Got the ring of a Thousand Ghosts {+Inv rPois Dex+3}
 10605 | D        | Got the +9 demon blade "Sugimnuq" {pain, rF- Str+4 Int+3}
 10619 | D        | Got the cursed +1 mace "Yqaonnuv" {pain, Int+4 Stlth+}
 10622 | D        | Got the cursed ring of Kiyzogra {EV-3 Dex+2}
 10800 | D        | Noticed Jory
 10805 | D        | Killed Jory
 10811 | D        | Noticed the 27-headed Lernaean hydra
 10819 | D        | Killed the 26-headed Lernaean hydra
 10824 | D        | Reached skill level 27 in Necromancy
 10833 | D        | Reached skill level 10 in Hexes
 11005 | D        | Noticed a curse toe
 11021 | D        | Killed a curse toe
 11049 | D        | Reached skill level 15 in Hexes
 11070 | D        | Noticed Mara
 11071 | D        | Killed Mara
 11077 | D        | Reached XP level 23. HP: 142/218 MP: 13/54
 11096 | D        | Noticed an orb of fire
 11129 | D        | Killed an orb of fire
 11141 | D        | Noticed Loah the pandemonium lord
 11152 | D        | Killed Loah the pandemonium lord
 11250 | D        | Noticed a greater mummy
 11251 | D        | Noticed Reixiwn the pandemonium lord
 11253 | D        | Noticed an ancient lich
 11254 | D        | Killed Reixiwn the pandemonium lord
 11254 | D        | Reached skill level 27 in Hexes
 11254 | D        | Reached skill level 1 in Stealth
 11254 | D        | Reached skill level 10 in Stealth
 11254 | D        | Reached skill level 15 in Stealth
 11255 | D        | Killed an ancient lich
 11256 | D        | Killed a greater mummy
 11276 | D        | Noticed a greater mummy
 11277 | D        | Killed a greater mummy
 11277 | D        | Reached skill level 27 in Stealth
 11304 | D        | Reached skill level 5 in Evocations
 11347 | D        | Noticed Dissolution
 11353 | D        | Killed Dissolution
 11489 | D        | Reached XP level 24. HP: 225/227 MP: 50/54
 11506 | D        | Got the Orb of Zot
 11591 | D        | Escaped with the Orb!

Vault maps used:
D:        pitsprint

Action                   |  1- 3 |  4- 6 |  7- 9 | 10-12 | 13-15 | 16-18 | 19-21 | 22-24 || total
-------------------------+-------+-------+-------+-------+-------+-------+-------+-------++-------
Melee: Trident           |    16 |    31 |    14 |       |       |       |       |       ||    61
       Halberd           |       |       |   100 |   305 |   125 |       |       |       ||   530
       Glaive            |       |       |       |       |   264 |   264 |   351 |   145 ||  1024
 Cast: Ozocubu's Armour  |       |       |       |       |       |    10 |    15 |    10 ||    35
       Regeneration      |       |       |       |       |       |     9 |    18 |    13 ||    40
       Spectral Weapon   |       |       |       |       |       |    11 |    15 |    12 ||    38
Invok: Upheaval          |       |       |       |     2 |       |       |       |       ||     2
       Disaster Area     |       |       |       |     5 |    13 |    13 |     4 |    11 ||    46
Evoke: Wand              |       |       |       |       |     1 |     1 |     1 |     3 ||     6
  Use: Potion            |     1 |     1 |     3 |     2 |     4 |     5 |    13 |     8 ||    37
       Scroll            |       |       |       |       |       |     3 |       |       ||     3
 Stab: Distracted        |       |       |       |       |       |     1 |     2 |     1 ||     4
  Eat: Chunk             |       |       |     2 |     9 |     7 |     2 |     3 |     4 ||    27
       Royal jelly       |       |       |       |       |     2 |     2 |       |       ||     4
       Bread ration      |       |       |       |       |     2 |     1 |       |       ||     3
       Meat ration       |       |       |       |       |       |       |     1 |       ||     1
       Beef jerky        |       |       |       |       |       |       |       |     1 ||     1
